 Dungeon Crawl Stone Soup version 0.17.1-3-g152610e (webtiles) character file.

1746 MTVSty1e the Shield-Bearer (level 9, -15/78 HPs)
             Began as a Hill Orc Fighter on Apr 24, 2016.
             Was an Initiate of Okawaru.
             Demolished by an ogre
             ... wielding a +0 giant spiked club
              (25 damage)
             ... on level 7 of the Dungeon.
             The game lasted 00:28:17 (7392 turns).

MTVSty1e the Shield-Bearer (Hill Orc Fighter)       Turns: 7392, Time: 00:28:17

Health: -15/78     AC: 14    Str: 22      XL:     9   Next: 6%
Magic:  9/9        EV:  7    Int:  5 (8)  God:    Okawaru [......]
Gold:   303        SH:  0    Dex: 10      Spells: 0 memorised, 8 levels left

rFire  . . .     SeeInvis .     w - +3 scimitar
rCold  . . .     Clarity  .     h - +0 plate armour
rNeg   . . .     SustAt   .     (no shield)
rPois  .         Gourm    .     (no helmet)
rElec  .         Spirit   .     g - +0 cloak
rCorr  .         Warding  .     (no gloves)
rMut   .         Stasis   .     (no boots)
MR     +....                    (no amulet)
Stlth  ..........               o - ring of protection from magic
                                k - ring of stealth

@: lethally poisoned (-15 -> -17), very slightly contaminated, invisible,
somewhat resistant to hostile enchantments, extremely unstealthy
A: no striking features
a: Renounce Religion


You were on level 7 of the Dungeon.
You worshipped Okawaru.
Okawaru was noncommittal.
You were not hungry.

You visited 2 branches of the dungeon, and saw 8 of its levels.

You collected 303 gold pieces.

Inventory:

Hand Weapons
 a - a +0 long sword
 w - a +3 scimitar (weapon)
 C - a +0 spear
Armour
 b - a +0 scale mail
 g - a +0 cloak (worn)
 h - a +0 plate armour (worn)
Magical Staves
 D - an uncursed staff of summoning
Jewellery
 i - an uncursed ring of protection from magic
 k - a ring of stealth (left hand)
 l - an uncursed ring of sustain attributes
 o - a ring of protection from magic (right hand)
 t - an uncursed ring of wizardry
Wands
 s - a wand of magic darts (29)
 u - a wand of paralysis (16)
Scrolls
 d - 5 scrolls of identify
 f - 2 scrolls of immolation {unknown}
 y - a scroll of remove curse
 z - a scroll of acquirement {unknown}
 E - a scroll of magic mapping
Potions
 n - a potion of cancellation
 v - a potion of degeneration
 A - a potion of poison {unknown}
Books
 j - a book of the Warp

   Spells                             Type                      Level
   a - Recall                         Summoning/Translocation      3
   b - Gell's Gravitas                Hexes/Translocation          3
   c - Force Lance                    Conjuration/Translocation    4
   d - Phase Shift                    Translocation                5
   e - Warp Weapon                    Charms/Translocation         5
   f - Summon Forest                  Summoning/Translocation      5
 p - a book of Geomancy

   Spells                             Type                      Level
   a - Sandblast                      Earth                        1
   b - Stoneskin                      Transmutation/Earth          2
   c - Passwall                       Transmutation/Earth          3
   d - Stone Arrow                    Conjuration/Earth            3
   e - Petrify                        Transmutation/Earth          4
   f - Lee's Rapid Deconstruction     Earth                        5
Comestibles
 e - 3 bread rations
 m - a royal jelly
 q - 4 fruits
 r - 2 slices of pizza
 B - 2 meat rations
 F - a beef jerky


   Skills:
 + Level 6.5 Fighting
 * Level 5.6 Long Blades
 * Level 7.5 Armour
 + Level 1.4 Dodging
   Level 7.7 Shields


You had 8 spell levels left.
You didn't know any spells.

Dungeon Overview and Level Annotations

Branches:
Dungeon (7/15)             Temple (1/1) D:6

Altars:
Ashenzari
Dithmenos
Elyvilon
Fedhas
Gozag
Makhleb
Nemelex Xobeh
Okawaru
Ru
Sif Muna
Vehumet
The Shining One

Shops:
D:7 [

Annotations:
D:5 manyhoops's ghost, novice DsGl


Message History

The worker ant bites you.
* * * LOW HITPOINT WARNING * * *
The orc hits you but does no damage.
Drink which item? (? for menu, Esc to quit)
It was a potion of degeneration.
There was something very wrong with that liquid.
You feel dopey. The worker ant closely misses you.
The orc hits you but does no damage. The ogre barely misses you.
Drink which item? (? for menu, Esc to quit)
It was a potion of magic.
Magic courses through your body.
You feel sick. The orc closely misses you. The worker ant bites you.
* * * LOW HITPOINT WARNING * * *
The orc hits you but does no damage.
You closely miss the ogre.
The ogre is heavily wounded.
The worker ant bites you but does no damage.
The orc hits you but does no damage.
The ogre hits you with a giant spiked club!!
You die...

..........#######
.########.......#
.# #.......# .#
#.......# .#
#.......# .#
#.......#########
.#
########.........
.#
.......#oo.......
##
.......O@).......
.+
.......#.a.......
##
#.....##.........
# #.....
######8.8. ..
..... .⌠.⌠ ....
..... .∩. ......
.... ...... ....
##....


You could see an ogre, a worker ant and 2 orcs.

Vanquished Creatures
  2 phantoms
  A black bear (D:6)
  3 ogres
  2 giant frogs (D:6)
  A scorpion (D:4)
  4 wights (D:6)
  A giant frog zombie (D:6)
  A centaur zombie (D:5)
  A crimson imp (D:4)
  A gnoll shaman (D:6)
  2 orc priests
  Ijyb (D:2)
  3 hounds
  2 orc wizards
  Terence (D:2)
  Natasha (thrice) (D:2)
  4 worker ants
  An iguana (D:4)
  2 hound skeletons
  8 gnolls
  A shadow imp (D:7)
  13 adders
  An ooze (D:2)
  3 worms (D:4)
  2 adder skeletons (D:5)
  5 giant geckos
  19 orcs
  2 ball pythons
  7 giant cockroaches
  9 goblins
  8 hobgoblins
  2 quokkas
  6 bats
  A giant gecko skeleton (D:6)
  2 giant newts
  2 jackals (D:1)
  2 jackal skeletons
  7 kobolds
  7 rats
143 creatures vanquished.

Notes
Turn   | Place    | Note
--------------------------------------------------------------
     0 | D:1      | MTVSty1e the Hill Orc Fighter began the quest for the Orb.
     0 | D:1      | Reached XP level 1. HP: 19/19 MP: 1/1
   177 | D:1      | Reached XP level 2. HP: 22/27 MP: 2/2
   304 | D:1      | Reached skill level 4 in Fighting
  1022 | D:2      | Reached XP level 3. HP: 33/33 MP: 3/3
  1077 | D:2      | Noticed Terence
  1107 | D:2      | Killed Terence
  1199 | D:2      | Found a burning altar of Makhleb.
  1205 | D:2      | Reached XP level 4. HP: 40/40 MP: 4/4
  1208 | D:2      | Found a blossoming altar of Fedhas.
  1220 | D:2      | Found a deep blue altar of Sif Muna.
  1490 | D:2      | Noticed Natasha
  1504 | D:2      | Killed Natasha
  1782 | D:2      | Noticed Ijyb
  1805 | D:2      | Killed Ijyb
  1805 | D:2      | Reached XP level 5. HP: 44/47 MP: 5/5
  1887 | D:2      | Noticed Natasha
  1897 | D:2      | Killed Natasha
  1899 | D:2      | Noticed Natasha
  1907 | D:2      | Killed Natasha
  2689 | D:3      | Reached XP level 6. HP: 50/53 MP: 6/6
  3193 | D:4      | Reached skill level 5 in Shields
  3363 | D:4      | Reached skill level 5 in Armour
  3481 | D:4      | HP: 2/55 [ogre/giant club (19)]
  3788 | D:4      | Reached skill level 5 in Fighting
  3788 | D:4      | Reached skill level 1 in Dodging
  3793 | D:4      | Reached XP level 7. HP: 28/61 MP: 7/7
  3797 | D:4      | HP: 1/61 [orc priest/divine providence (15)]
  5240 | D:5      | Entered Level 5 of the Dungeon
  5260 | D:5      | Reached skill level 6 in Shields
  5337 | D:5      | Noticed manyhoops's ghost (novice DsGl)
  5828 | D:5      | Reached XP level 8. HP: 56/69 MP: 8/8
  6664 | D:6      | Reached skill level 7 in Shields
  6759 | D:6      | Reached skill level 5 in Long Blades
  6831 | D:6      | Found a staircase to the Ecumenical Temple.
  6848 | Temple   | Entered the Ecumenical Temple
  6867 | Temple   | Became a worshipper of Warmaster Okawaru
  6964 | D:6      | Found a sparkling altar of Nemelex Xobeh.
  7277 | D:7      | Reached XP level 9. HP: 75/78 MP: 9/9
  7370 | D:7      | Found Recuink's Armour Shop.
  7392 | D:7      | Demolished by an ogre

Action                   |  1- 3 |  4- 6 |  7- 9 || total
-------------------------+-------+-------+-------++-------
Melee: Long sword        |   114 |   256 |   331 ||   701
       Scimitar          |       |       |    75 ||    75
  Use: Scroll            |     5 |     7 |     9 ||    21
       Potion            |       |     7 |     5 ||    12
  Eat: Meat ration       |     1 |     1 |     1 ||     3
       Bread ration      |       |     1 |     1 ||     2
       Beef jerky        |       |       |     1 ||     1
